 Dungeon Crawl Stone Soup version 0.31-a0-345-g1ebeae05c6 (webtiles) character file.

Game seed: 8134694289224752832

1219 Dordric the Ruffian (level 8, -1/54 HPs)
             Began as a Djinni Shapeshifter on July 22, 2023.
             Splashed by a jelly's acid (6 damage)
             ... on level 5 of the Dungeon.
             The game lasted 00:06:56 (4815 turns).

Dordric the Ruffian (Djinni Shapeshifter)           Turns: 4815, Time: 00:06:57

Health: -1/54      AC: -2    Str: 16    XL:     8   Next: 75%
Gold:   303        EV: 28    Int: 10    God:
                   SH:  0    Dex: 20

rFire   + +          .
                       - Unarmed
rCold   x . .        (no shield)
rNeg    . . .        d - +0 ring mail
rPois   ∞            (helmet currently unavailable)
rElec   .            r - melded +2 cloak {rCorr}
rCorr   .            (gloves currently unavailable)
SInv    .            (boots unavailable)
Will    +....        f - amulet of the acrobat
Stlth   +            g - +6 ring of dexterity
HPRegen 0.29/turn    o - ring of willpower
MPRegen 0.00/turn

%: acrobat, infuse magic (-2 HP)
@: beast-form, corroded, acrobatic, flying
A: beast (slay +3), flying, sickness immunity, fire resistance 2, cold
vulnerability 1, float, innate caster, HP casting, extra vitality 1
a: Begin Untransformation


You were on level 5 of the Dungeon.
You were a hulking beast.
You visited 1 branch of the dungeon, and saw 5 of its levels.
You also visited: Sewer.

You collected 303 gold pieces.

Inventory:

Armour
 a - a +0 animal skin
 d - a +0 ring mail (worn)
 h - a +0 pair of gloves
 r - a +2 cloak of preservation (melded)
Jewellery
 f - an amulet of the acrobat (around neck)
 g - a +6 ring of dexterity (left hand)
 i - a ring of fire
 m - an amulet of reflection
 o - a ring of willpower (right hand)
Talismans
 c - a beast talisman
 J - a serpent talisman
Wands
 u - a wand of light (6)
Scrolls
 k - 3 scrolls of identify {unknown}
 l - 2 scrolls of noise {unknown}
 n - a scroll of poison {unknown}
 s - a scroll of immolation {unknown}
 t - a scroll of teleportation {unknown}
 w - 2 scrolls of fog
 y - a scroll of fear {unknown}
 B - a scroll of brand weapon {unknown}
 C - a scroll of summoning {unknown}
 F - a scroll of revelation
 G - 2 scrolls of blinking {unknown}
 H - a scroll of amnesia {unknown}
 K - a scroll of acquirement {unknown}
Potions
 b - a potion of lignification
 e - a potion of curing {unknown}
 j - 2 potions of mutation {unknown}
 p - a potion of berserk rage {unknown}
 q - 3 potions of attraction {unknown}
 v - a potion of invisibility {unknown}
 x - a potion of brilliance {unknown}
 z - a potion of degeneration {unknown}
 A - a potion of might {unknown}
 D - 2 potions of heal wounds {unknown}
 E - a potion of enlightenment {unknown}
Miscellaneous
 I - a piece from Xom's chessboard (15/15)


   Skills:
 - Level 2.1 Fighting
 - Level 3.6 Armour
 - Level 4.0 Dodging
 - Level 0.7 Stealth
 - Level 7.3 Unarmed Combat
 - Level 0.8 Evocations
 + Level 4.4 Shapeshifting


You knew the following spells:

 Your Spells              Type           Power      Damage    Failure   Level
a - Slow                  Hex            0%         N/A       56%         1
b - Poisonous Vapours     Pois/Air       0%         N/A       71%         2
c - Confusing Touch       Hex            0%         N/A       90%         3
Your spell library was empty.

Dungeon Overview and Level Annotations

Branches:
Dungeon (5/15)              Sewer (visited)
 Temple: D:4-7

Altars:
Okawaru
Qazlal

Shops:
D:2 [

Annotations:
D:5 Eustachio


Innate Abilities, Weirdness & Mutations

You are a hulking beast.
Your limbs bulge with bestial killing power. (Slay +3)
You are flying.
You are immune to sickness and miasma.
You are immune to poison.
Your flesh is very heat resistant. (rF++)
You are vulnerable to cold. (rC-)
You float through the air rather than walking.
You learn spells naturally, not from books.
Your magical power is your life essence.
You have superior vitality. (+4 MHP)


Message History

The jelly misses you. Eustachio barely misses you.
You closely miss Eustachio. You punch Eustachio, but do no damage.
Eustachio is moderately wounded.
The jelly barely misses you. Eustachio hits you with a +0 falchion.
You hit Eustachio.
Eustachio is heavily wounded.
The jelly closely misses you.
Eustachio gestures wildly while chanting.
You hit Eustachio.
Eustachio is heavily wounded.
The jelly misses you. Eustachio hits you with a +0 falchion.
You punch Eustachio! Your punch misses Eustachio.
Eustachio is severely wounded.
The river rat closely misses you.
Eustachio gestures wildly while chanting.
Eustachio blinks!
The jelly completely misses you.
You punch the jelly! The acid corrodes you!
Your hands burn!
The jelly is severely wounded.
The river rat bites you. The river rat closely misses you.
You hit the jelly but do no damage.
Your hands burn!
The jelly is severely wounded.
The jelly hits you.
You are splashed with acid!
* * * LOW HITPOINT WARNING * * *
The river rat barely misses you. The river rat misses you.
You are too injured to fight recklessly!
You are too injured to fight recklessly!
You are too injured to fight recklessly!
You are too injured to fight recklessly!
You are too injured to fight recklessly!
Unknown command.
The river rat attacks as you move away! The river rat barely misses you.
You see here a +0 ring mail.
The jelly attacks as you move away! The jelly hits you.
* * * LOW HITPOINT WARNING * * *
You are splashed with acid!
* * * LOW HITPOINT WARNING * * *
The jelly attacks as you move away! The jelly hits you.
* * * LOW HITPOINT WARNING * * *
The acid corrodes you!
You are splashed with acid.
You die...

.......#..##.##.##.....).'...+
.......#..##....##.......#...#
......[..........##.....##...##
.......#..#.####.###...##.....##
.@.....#....# #..######.......#
########.@#######...........#...
#....r........(.....##.##
####..[....###########.##
#..rJh..# #######.## #......†#
#....##.##
###........#####....##.##
#...######....##....##.## ##.###
#...............
#..########....##....#####
#..............##....#
#..88888888..<.##....#
#..8888.888....#######


You could see Eustachio, a jelly and 2 river rats.

Vanquished Creatures
  Pikel (D:5)
  A black bear (D:5)
  A lemure (D:5)
  3 kobold brigands (Sewer)
  A sleepcap (D:3)
  Crazy Yiuf (D:2)
  Natasha (thrice) (D:3)
  Terence (D:2)
  An orc wizard (D:3)
  A gnoll (D:5)
  4 river rats
  11 adders
  2 shadow imps (D:5)
  4 worms
  5 dart slugs
  4 orcs
  7 ball pythons
  7 bats
  8 endoplasms
  4 giant cockroaches
  10 hobgoblins
  2 jackals (D:1)
  22 kobolds
  4 quokkas
  3 frilled lizards
  9 goblins
  8 rats
128 creatures vanquished.

Notes
Turn   | Place    | Note
-------+----------+-------------------------------------------
     0 | D:1      | Dordric the Djinni Shapeshifter began the quest for the
                  | Orb.
     0 | D:1      | Reached XP level 1. HP: 17/17 MP: 0/0
   137 | D:1      | Reached XP level 2. HP: 19/22 MP: 0/0
   233 | D:1      | Reached XP level 3. HP: 19/27 MP: 0/0
   233 | D:1      | Learned a level 1 spell: Slow
   963 | D:2      | Found Reuw's Armour Shop.
  1091 | D:2      | Reached XP level 4. HP: 24/32 MP: 0/0
  1192 | D:2      | Identified the +0 ring mail of the Shishi {*Corrode Fly rN+
                  | Int+6}
  1328 | D:2      | Noticed Terence
  1337 | D:2      | Killed Terence
  1338 | D:2      | Reached skill level 4 in Unarmed Combat
  1338 | D:2      | Reached XP level 5. HP: 11/37 MP: 0/0
  1338 | D:2      | Learned a level 2 spell: Poisonous Vapours
  1607 | D:2      | Found a runed translucent door.
  1608 | D:2      | Noticed Crazy Yiuf
  1818 | D:2      | Killed Crazy Yiuf
  1819 | D:2      | Reached skill level 1 in Armour
  2363 | D:3      | Found an iron altar of Okawaru.
  2365 | D:3      | Found a stormy altar of Qazlal.
  2531 | D:3      | Reached XP level 6. HP: 41/42 MP: 0/0
  2598 | D:3      | Noticed Natasha
  2607 | D:3      | Killed Natasha
  2646 | D:3      | Noticed Natasha
  2652 | D:3      | Killed Natasha
  2941 | D:3      | Noticed Natasha
  2948 | D:3      | Killed Natasha
  2949 | D:3      | Reached skill level 5 in Unarmed Combat
  3553 | D:4      | Reached XP level 7. HP: 15/47 MP: 0/0
  3553 | D:4      | Learned a level 3 spell: Confusing Touch
  3665 | D:4      | Found a glowing drain.
  3676 | Sewer    | Entered a sewer
  4363 | D:4      | You are sucked into a shaft and drop 1 floor!
  4363 | D:5      | Entered Level 5 of the Dungeon
  4442 | D:5      | Reached skill level 6 in Unarmed Combat
  4442 | D:5      | Reached XP level 8. HP: 31/53 MP: 0/0
  4558 | D:5      | Noticed Pikel
  4578 | D:5      | Killed Pikel
  4579 | D:5      | Reached skill level 7 in Unarmed Combat
  4792 | D:5      | Noticed Eustachio
  4815 | D:5      | Splashed by a jelly's acid

Illustrated notes

Levels and vault maps discovered:
D:1:      amcnicky_arrival_wind_blow, layout_basic
D:2:      minmay_door_path, layout_rooms, serial_shops,
          nicolae_shop_hallway_plus, roderic_lattice_a, uniq_crazy_yiuf_cottage,
          uniq_terence
D:3:      layout_basic, gammafunk_temple_overflow_pools, uniq_natasha
D:4:      layout_rooms, portal_sewer_entry_e, hangedman_decor_lopped,
          st_stairs_9
D:5:      kennysheep_six_static_rooms, layout_basic, hellmonk_bongcloud_opening,
          uniq_eustachio, uniq_pikel, uniq_sigmund

Skill      XL: |  1  2  3  4  5  6  7  8 |
---------------+-------------------------+-----
Shapeshifting  | 3 4 |  4.4
Unarmed Combat | 4 5 6 7 |  7.3
Armour         | 1 2 3 |  3.6
Dodging        | 3 4 |  4.0
Fighting       | 2 |  2.1
Stealth        | |  0.7
Evocations     | |  0.8

Action                     |  1- 3 |  4- 6 |  7- 9 || total
---------------------------+-------+-------+-------++-------
  Melee: Unarmed           |   104 |   179 |   166 ||   449
         Punch             |     3 |     2 |    11 ||    16
  Evoke: Piece from Xom's  |       |       |     1 ||     1
         Wand              |       |       |     3 ||     3
    Use: Scroll            |       |     3 |       ||     3
   Stab: Sleeping          |     2 |     1 |       ||     3
 Armour: Animal skin       |    11 |       |       ||    11
         Ring mail         |     6 |    38 |    33 ||    77
  Dodge: Dodged            |    73 |    82 |   103 ||   258
   Form: Beast             |     1 |     1 |     1 ||     3
                           |     1 |     1 |       ||     2
         Anaconda          |       |       |     1 ||     1

Table legend: (Time is in decaauts)
 A = Elapsed time spent in this place.
 B = Non-inter-level travel time spent in this place.
 C = Inter-level travel time spent in this place.
 D = Time resting spent in this place.
 E = Time spent auto-exploring this place.
 F = Levels seen in this place.
 G = Mean time per level.
                   A        B        C        D        E       F      G
               +--------+--------+--------+--------+--------+-----+--------+
         Total |   4772 |   4659 |    113 |    155 |   3466 |   6 |  795.3 |
       Dungeon |   4286 |   4173 |    113 |    155 |   3142 |   5 |  857.2 |
         Sewer |    486 |    486 |      0 |      0 |    324 |   1 |  486.0 |
               +--------+--------+--------+--------+--------+-----+--------+

Top non-repeatable levels by time:
     D:3: 1342 daAuts
     D:2: 1110 daAuts
     D:1: 873 daAuts
     D:4: 516 daAuts
   Sewer: 486 daAuts
     D:5: 444 daAuts
